 Dungeon Crawl Stone Soup version 0.25.1-2-g60ff931df9 (webtiles) character file.

Game seed: 8427331609472830663

291 Descartes the Covert (level 6, -1/39 HPs)
             Began as an Octopode Wanderer on Aug 6, 2020.
             Shot with an arrow by a centaur (13 damage)
             ... on level 3 of the Dungeon.
             The game lasted 00:03:52 (2072 turns).

Descartes the Covert (Octopode Wanderer)            Turns: 2072, Time: 00:03:52

Health: -1/39      AC:  1    Str: 13    XL:     6   Next: 32%
Magic:  7/7        EV: 12    Int: 14    God:
Gold:   72         SH:  0    Dex: 12    Spells: 5/5 levels left

rFire    . . .     SeeInvis .   b - +0 hand crossbow
rCold    . . .     Gourm    .   (no shield)
rNeg     . . .     Faith    .   (helmet restricted)
rPois    .         Spirit   .   (no amulet)
rElec    .         Reflect  .   o - ring of protection from magic
rCorr    .         Harm     .   (no ring)
MR       +....                  (no ring)
Stlth    +++++.....             (no ring)
HPRegen  0.13/turn              (no ring)
MPRegen  0.10/turn              (no ring)
                                (no ring)
                                (no ring)

@: no status effects
A: almost no armour, stealthy swim, amphibious, 8 rings, constrict 8, camouflage
1, gelatinous body 1
a: no special abilities


You were on level 3 of the Dungeon.
You were not hungry.

You visited 1 branch of the dungeon, and saw 3 of its levels.

You collected 72 gold pieces.

Inventory:

Hand Weapons
 a - a +2 hand axe
 b - a +0 hand crossbow (weapon)
Missiles
 c - 4 bolts (quivered)
 i - 22 stones
 j - 47 sling bullets
 s - 40 arrows
Jewellery
 o - a ring of protection from magic (left tentacle)
 q - an uncursed amulet of guardian spirit
Scrolls
 e - 2 scrolls of fear {unknown}
 g - a scroll of identify {unknown}
 h - a scroll of fog {unknown}
 p - 3 scrolls of noise {unknown}
 r - a scroll of blinking {unknown}
Potions
 d - 2 potions of curing
 k - a potion of degeneration {unknown}
 l - a potion of brilliance {unknown}
 m - 2 potions of lignification {unknown}
 n - a potion of berserk rage {unknown}
Comestibles
 f - 2 rations
 t - 6 chunks of flesh


   Skills:
 - Level 2.0 Fighting
 - Level 1.0 Axes
 - Level 5.0 Crossbows
 + Level 0.2 Dodging
 + Level 8.7 Stealth
   Level 2.1 Evocations


You had 5 spell levels left.
You didn't know any spells.
Your spell library was empty.

Dungeon Overview and Level Annotations

Branches:
Dungeon (3/15)

Altars:
Kikubaaqudgha


Innate Abilities, Weirdness & Mutations

You cannot wear most types of armour.
You are very stealthy in the water. (Stealth+)
You are amphibious.
You can wear up to eight rings at the same time.
You can use your tentacles to constrict eight enemies at once.
Your skin changes colour to match your surroundings (Stealth+).
Your rubbery body absorbs attacks. (AC +1, EV +1)


Message History

The arrow misses you.
There is a stone staircase leading up here.
You see here an arrow.
Firing (i - inventory. (/) - cycle)
c - 6 bolts (quivered)
Press: ? - help, Shift-Dir - straight line, f - centaur
Aim: a centaur, wielding a +0 shortbow and quivering 20 arrows You shoot a bolt.
The bolt barely misses the centaur.
The centaur shoots an arrow.
The arrow hits you.
Firing (i - inventory. (/) - cycle)
c - 5 bolts (quivered)
Press: ? - help, Shift-Dir - straight line, f/p - centaur
Aim: a centaur, wielding a +0 shortbow and quivering 19 arrows You shoot a bolt.
The bolt hits the centaur!
The centaur is heavily wounded.
The centaur shoots an arrow.
The arrow hits you.
The centaur shoots an arrow.
The arrow hits you!
* * * LOW HITPOINT WARNING * * *
You are too injured to fight recklessly!
You are too injured to fight recklessly!
The centaur shoots an arrow.
The arrow hits you!
You die...

## ..+ .
#####.##...
#..........
#.(@((....(
#........c.
#####...###
.(.# (...
(.... ....
....


You could see a centaur.

Vanquished Creatures
  Sigmund (D:2)
  Natasha (twice) (D:2)
  3 adders (D:2)
  3 worms (D:2)
  3 leopard geckos
  4 orcs
  A bat (D:1)
  A giant cockroach (D:1)
  A goblin (D:1)
  6 hobgoblins
  2 quokkas (D:2)
  9 kobolds
  6 rats
  2 rat zombies (D:2)
44 creatures vanquished.

Notes
Turn   | Place    | Note
-------+----------+-------------------------------------------
     0 | D:1      | Descartes the Octopode Wanderer began the quest for the
                  | Orb.
     0 | D:1      | Descartes set off with the following items: a +2 hand axe,
                  | a +0 hand crossbow, 25 bolts, a potion of curing, a ration
     0 | D:1      | Reached XP level 1. HP: 14/14 MP: 2/2
    54 | D:1      | Reached skill level 1 in Stealth
   264 | D:1      | Reached skill level 2 in Stealth
   313 | D:1      | Reached XP level 2. HP: 19/19 MP: 3/3
   438 | D:1      | Reached skill level 3 in Stealth
  1223 | D:2      | Reached XP level 3. HP: 24/24 MP: 4/4
  1237 | D:2      | Reached skill level 4 in Stealth
  1350 | D:2      | Noticed Natasha
  1361 | D:2      | Killed Natasha
  1361 | D:2      | Reached skill level 5 in Stealth
  1361 | D:2      | Reached XP level 4. HP: 21/29 MP: 5/5
  1646 | D:2      | Noticed Natasha
  1647 | D:2      | Noticed Sigmund
  1653 | D:2      | Killed Natasha
  1653 | D:2      | Reached skill level 6 in Stealth
  1653 | D:2      | Reached XP level 5. HP: 24/34 MP: 6/6
  1659 | D:2      | Killed Sigmund
  1659 | D:2      | Reached skill level 8 in Stealth
  1659 | D:2      | Reached XP level 6. HP: 23/39 MP: 7/7
  1866 | D:2      | Found an ancient bone altar of Kikubaaqudgha.
  2072 | D:3      | Shot with an arrow by a centaur

Illustrated notes

Levels and vault maps discovered:
D:1:      saegor_arrival_miasma, layout_basic, lemuel_old_faithful
D:2:      layout_basic, lemuel_zombie_altar_kikubaaqudgha,
          corexii_hall_statues_l, uniq_natasha, uniq_sigmund
D:3:      layout_basic, lemuel_coloured_pillars_altar,
          nemelex_xobeh_ov_fountains_minmay

Skill      XL: |  1  2  3  4  5 |
---------------+----------------+-----
Stealth        | 2 3 5 6 8 |  8.7
Fighting       | |  2.0
Axes           | |  1.0
Crossbows      | |  5.0
Dodging        | |  0.2
Evocations     | |  2.1

Action                   |  1- 3 |  4- 6 || total
-------------------------+-------+-------++-------
Melee: Hand axe          |    18 |     6 ||    24
       Constrict         |     6 |     1 ||     7
       Hand crossbow     |     2 |       ||     2
       Tentacles         |       |     5 ||     5
 Fire: Hand crossbow     |    56 |    31 ||    87
  Eat: Chunk             |     1 |     2 ||     3
Dodge: Dodged            |    16 |     7 ||    23
